 Dungeon Crawl Stone Soup version 0.24-a0-451-g263dff2034 (webtiles) character file.

Game seed: 7166247025480203577

11826 Krouwed the Archer (level 12, -7/97 HPs)
             Began as a Human Hunter on June 26, 2019.
             Was an Elder of Okawaru.
             Mangled by a two-headed ogre
             ... wielding a +0 giant club
              (16 damage)
             ... on level 11 of the Dungeon.
             The game lasted 00:44:30 (14726 turns).

Krouwed the Archer (Human Hunter)                  Turns: 14726, Time: 00:44:31

Health: -7/97      AC: 14    Str: 16    XL:     12   Next: 12%
Magic:  17/18      EV: 15    Int: 12    God:    Okawaru [****..]
Gold:   786        SH:  0    Dex: 15    Spells: 11/11 levels left

rFire    . . .     SeeInvis +   b - +2 war axe (vamp)
rCold    + . .     Gourm    .   (no shield)
rNeg     . . .     Faith    .   l - +3 ring mail {rC+}
rPois    +         Spirit   .   A - +1 helmet
rElec    .         Reflect  .   K - +2 cloak {rPois}
rCorr    +         Harm     .   (no gloves)
MR       .....                  (no boots)
Stlth    +++.......             (no amulet)
HPRegen  0.26/turn              q - ring of see invisible
MPRegen  0.16/turn              L - ring of resist corrosion

@: heroism
A: no striking features
a: Heroism, Renounce Religion


You were on level 11 of the Dungeon.
You worshipped Okawaru.
Okawaru was greatly pleased with you.
You were not hungry.

You visited 2 branches of the dungeon, and saw 13 of its levels.
You also visited: Gauntlet.

You collected 786 gold pieces.

Inventory:

Hand Weapons
 a - a +1 shortbow
 b - a +2 vampiric war axe (weapon)
 k - a +0 falchion of holy wrath
 m - a +2 whip of flaming
 F - a +1 dagger of venom
 U - a +2 war axe of flaming
Missiles
 d - 127 arrows
 p - 63 poisoned darts
 T - an atropa-tipped dart (quivered)
Armour
 l - a +3 ring mail of cold resistance (worn)
 A - a +1 helmet (worn)
 E - a +0 cloak
 K - a +2 cloak of poison resistance (worn)
 N - a +0 large shield
Jewellery
 c - an uncursed ring of poison resistance
 q - a ring of see invisible (left hand)
 L - a ring of resist corrosion (right hand)
Wands
 h - a wand of random effects (18)
 i - a wand of enslavement (7)
 s - a wand of acid (32)
 u - a wand of iceblast (25)
 y - a wand of digging (11)
 C - a wand of paralysis (7)
Scrolls
 e - 3 scrolls of magic mapping
 o - 6 scrolls of remove curse
 t - 3 scrolls of fog
 w - 4 scrolls of amnesia
 x - a scroll of summoning
 G - a scroll of teleportation
 J - 2 scrolls of enchant weapon {unknown}
 O - a scroll of brand weapon {unknown}
 Q - a scroll of fear {unknown}
 V - a scroll of identify
Potions
 g - 2 potions of mutation
 n - 3 potions of might
 r - 5 potions of degeneration
 v - a potion of lignification
 z - a potion of berserk rage
 B - a potion of resistance
 D - a potion of agility
 H - a potion of haste
 I - a potion of curing
 M - a potion of brilliance
 R - a potion of invisibility {unknown}
 S - a potion of flight
Miscellaneous
 j - a lightning rod (4/4)
Comestibles
 f - 19 rations


   Skills:
 + Level 9.8(14.8) Fighting
 + Level 13.9(18.9) Bows
 - Level 2.0(7.0) Dodging
 - Level 1.0(6.0) Stealth
 + Level 8.4 Invocations


You had 11 spell levels left.
You didn't know any spells.
Your spell library contained the following spells:

 Spells                   Type           Power        Failure   Level  Hunger
 Shock                    Conj/Air       #...         52%         1    ##.....
 Swiftness                Chrm/Air       #.......     65%         2    ###....
 Static Discharge         Conj/Air       #.......     87%         3    ####...
 Airstrike                Air            #.........   99%         4    #####..
 Lightning Bolt           Conj/Air       #.........   100%        5    ######.


Dungeon Overview and Level Annotations

Branches:
Dungeon (12/15)            Temple (1/1) D:5            Lair (0/6) D:8
    Orc (0/2) D:11

Altars:
Ashenzari
Cheibriados
Dithmenos
Elyvilon
Fedhas
Gozag
Hepliaklqana
Kikubaaqudgha
Makhleb
Nemelex Xobeh
Okawaru
Qazlal
Ru
Sif Muna
Trog
Uskayaw
Vehumet
Wu Jian
Xom
Yredelemnul
Zin
The Shining One


Message History

The two-headed ogre hits you with a +0 giant spiked club!!
* * * LOW HITPOINT WARNING * * *
Throwing (i - inventory. (/) - cycle)
p - 64 poisoned darts (quivered)
Press: ? - help, Shift-Dir - straight line, f - two-headed ogre
Aim: a two-headed ogre, wielding a +0 giant club and a +0 giant spiked club (severely wounded)
You throw a poisoned dart.
The poisoned dart barely misses the two-headed ogre.
Quiver which item? (- for none, * to show all) (? for menu, Esc to quit)
Quivering
T - 2 atropa-tipped darts for throwing.
Throwing (i - inventory. (/) - cycle)
T - 2 atropa-tipped darts (quivered)
Press: ? - help, Shift-Dir - straight line, f/p - two-headed ogre
Aim: a two-headed ogre, wielding a +0 giant club and a +0 giant spiked club (severely wounded, chance to blind on hit: 29%)
You throw an atropa-tipped dart.
The atropa-tipped dart hits the two-headed ogre!
The two-headed ogre resists.
The two-headed ogre is severely wounded.
The two-headed ogre hits you with a +0 giant club!
* * * LOW HITPOINT WARNING * * *
The two-headed ogre hits you with a +0 giant spiked club!
You die...

##..####### ##.###
#..###≈≈..# #<..#
###'###≈≈...# #######'###
#....##≈....#####.....#...#
#..<.##(...<#...'.#.#.#.#.#
#....##≈....#.###.#.#.#.#.#
#....##≈≈...#.# ###.#.#.#.#
#.....##≈≈O.#.# #...#...#.#
#......####@'.#
#.#######.##
#...........###
#...>.#...## #...........#
#)###.###.'. #...........#
#...#...#.## #############
###########


You could see a two-headed ogre.

Vanquished Creatures
  Pikel (D:6)
  An ugly thing (D:11)
  A manticore (D:11)
  2 trolls
  Prince Ribbit (D:7)
  2 slime creatures (D:12)
  A hippogriff (D:9)
  3 wyverns
  Sigmund (D:5)
  17 yaks
  A human (D:11)
  A steam dragon (D:8)
  2 hungry ghosts
  A warg (D:11)
  A water moccasin (D:11)
  3 ice beasts
  2 orc warriors
  2 sky beasts
  3 phantoms
  6 ogres
  3 centaurs
  A crocodile (D:8)
  2 big kobolds
  7 bullfrogs
  Blork the orc (D:5)
  A wyvern zombie (D:11)
  9 scorpions
  12 killer bees
  A howler monkey (D:9)
  3 wights (D:7)
  4 crimson imps
  2 centaur zombies
  7 hounds
  2 jellies
  2 quasits
  10 orc priests
  17 orc wizards
  3 bullfrog skeletons
  Jessica (D:2)
  3 iguanas
  Ijyb (D:3)
  10 worker ants
  3 hound skeletons
  4 gnolls (D:6)
  14 adders
  A howler monkey skeleton (D:8)
  An ooze (D:1)
  5 worms
  2 dart slugs (D:1)
  7 leopard geckos
  62 orcs
  5 bats
  9 giant cockroaches
  9 hobgoblins
  8 jackals
  4 quokkas
  3 frilled lizards
  10 goblins
  22 kobolds
  A quokka zombie (D:8)
  12 rats
336 creatures vanquished.

Vanquished Creatures (others)
  A plant (Gauntlet)
1 creature vanquished.

Grand Total: 337 creatures vanquished

Notes
Turn   | Place    | Note
-------+----------+-------------------------------------------
     0 | D:1      | Krouwed the Human Hunter began the quest for the Orb.
     0 | D:1      | Reached XP level 1. HP: 16/16 MP: 1/1
   107 | D:1      | Reached XP level 2. HP: 21/22 MP: 2/2
   285 | D:1      | Reached XP level 3. HP: 20/27 MP: 3/3
   393 | D:1      | Reached skill level 5 in Bows
  1005 | D:2      | Noticed Jessica
  1012 | D:2      | Killed Jessica
  1012 | D:2      | Reached XP level 4. HP: 33/33 MP: 4/4
  1116 | D:2      | Found a shattered altar of Ashenzari.
  1214 | D:2      | Noticed a phantom
  1242 | D:2      | Killed a phantom
  1242 | D:2      | Reached skill level 6 in Bows
  1242 | D:2      | Reached XP level 5. HP: 19/38 MP: 5/5
  1658 | D:2      | Reached XP level 6. HP: 37/44 MP: 6/6
  1774 | D:2      | Found a sparkling altar of Nemelex Xobeh.
  1849 | D:3      | Reached skill level 7 in Bows
  2425 | D:3      | Noticed Ijyb
  2470 | D:3      | Killed Ijyb
  2675 | D:3      | Found a white marble altar of Elyvilon.
  2827 | D:3      | Reached XP level 7. HP: 14/52 MP: 7/7
  2844 | D:3      | HP: 1/52 [orc/+0 falchion (2)]
  3591 | D:4      | Reached skill level 8 in Bows
  3626 | D:4      | Found a shadowy altar of Dithmenos.
  3909 | D:4      | Found a blossoming altar of Fedhas.
  3961 | D:5      | Entered Level 5 of the Dungeon
  4007 | D:5      | Reached XP level 8. HP: 51/58 MP: 8/8
  4101 | D:5      | Reached skill level 9 in Bows
  4114 | D:5      | Found a staircase to the Ecumenical Temple.
  4137 | Temple   | Entered the Ecumenical Temple
  4246 | Temple   | Became a worshipper of Warmaster Okawaru
  4384 | D:5      | Found an opulent altar of Gozag.
  4396 | D:5      | Noticed Sigmund
  4414 | D:5      | Killed Sigmund
  4619 | D:5      | Reached skill level 10 in Bows
  4891 | D:5      | Noticed Blork the orc
  4912 | D:5      | Reached * piety under Okawaru
  5369 | D:5      | Killed Blork the orc
  5369 | D:5      | Reached XP level 9. HP: 57/64 MP: 9/9
  5714 | D:6      | Reached skill level 11 in Bows
  6000 | D:6      | Found an ancient bone altar of Kikubaaqudgha.
  6401 | D:6      | Noticed Pikel
  6423 | D:6      | Killed Pikel
  6423 | D:6      | Reached ** piety under Okawaru
  6937 | D:7      | Reached skill level 5 in Fighting
  7448 | D:7      | Noticed Prince Ribbit
  7491 | D:7      | Reached skill level 12 in Bows
  7566 | D:7      | Reached XP level 10. HP: 76/76 MP: 10/10
  7728 | D:7      | Reached skill level 1 in Invocations
  7920 | D:7      | Killed Prince Ribbit
  8498 | D:8      | Found an ornate altar of the Wu Jian Council.
  8651 | D:8      | Reached *** piety under Okawaru
  8686 | D:8      | Found a staircase to the Lair.
 10175 | D:10     | Entered Level 10 of the Dungeon
 10195 | D:10     | Reached skill level 5 in Invocations
 10225 | D:10     | Reached XP level 11. HP: 37/86 MP: 14/14
 10239 | D:10     | Reached **** piety under Okawaru
 10253 | D:10     | Reached skill level 13 in Bows
 10724 | D:10     | Identified the +2 falchion of Miocircho {holy, rN+}
 11832 | D:10     | Received a gift from Okawaru
 12073 | D:10     | Found an ornate altar of the Wu Jian Council.
 12380 | D:11     | Received a gift from Okawaru
 12581 | D:11     | Found a staircase to the Orcish Mines.
 12941 | D:11     | Received a gift from Okawaru
 13144 | D:11     | Found a shimmering altar of Xom.
 13229 | D:11     | Found a shimmering altar of Xom.
 13233 | D:11     | Noticed a purple ugly thing
 13303 | D:11     | Received a gift from Okawaru
 13482 | D:11     | Noticed a manticore
 13528 | D:11     | Killed a manticore
 13786 | D:11     | Reached XP level 12. HP: 87/96 MP: 18/18
 14005 | D:12     | Found a gate leading to a gauntlet.
 14011 | Gauntlet | Entered a Gauntlet
 14011 | Gauntlet | Found a transporter.
 14011 | Gauntlet | Found a transporter.
 14012 | Gauntlet | Found a transporter.
 14012 | Gauntlet | Found a transporter.
 14014 | Gauntlet | Noticed a soul eater
 14015 | Gauntlet | Found a transporter.
 14025 | Gauntlet | Found a transporter.
 14026 | Gauntlet | Noticed a soul eater
 14030 | Gauntlet | Found a transporter.
 14038 | Gauntlet | Found a transporter.
 14046 | Gauntlet | Found a transporter.
 14046 | Gauntlet | Noticed a queen ant
 14066 | Gauntlet | Found a transporter.
 14072 | Gauntlet | Found a transporter.
 14090 | Gauntlet | Found a transporter.
 14220 | D:12     | Noticed a two-headed ogre
 14314 | D:11     | HP: 4/97 [two-headed ogre/+0 giant club (2)]
 14726 | D:11     | Mangled by a two-headed ogre

Levels and vault maps discovered:
D:1:      zelgadis_glass_arrival_small, layout_loops_cross, serial_forest,
          infiniplex_forest_corner_2, infiniplex_forest_lined_room_3,
          infiniplex_forest_lined_room_2, infiniplex_forest_zigzag_1,
          infiniplex_forest_corner_2, infiniplex_forest_diagonal,
          infiniplex_forest_clump_large, minmay_small_reverse_x
D:2:      layout_basic, ashenzari_altar_1, nemelex_spade_bored_becter,
          uniq_jessica
D:3:      layout_loops_ring, elyvilon_altar_5, first_ration,
          minmay_randomly_rotated_circles, uniq_ijyb
D:4:      layout_rooms, fedhas_altar_fruit_tree, lemuel_round_altar
D:5:      layout_basic, grunt_gozag_breadcrumbs, minmay_temple_entry_glass,
          dk_vineyard_1, minmay_statues_item, uniq_blork_the_orc, uniq_sigmund
D:6:      layout_loops_ring, lemuel_doored_altar, uniq_pikel
D:7:      layout_loops_ring, uniq_prince_ribbit1
D:8:      layout_basic, kennysheep_little_box, erik_lair_dragon
D:9:      layout_stronghold
D:10:     layout_gridville, basic_altar
D:11:     layout_roguey, david_orc_3, portal_ice_cave_entry_pillars_1,
          basic_altar, grunt_pizzeria, kennysheep_nub, xom_teletrap_fun
D:12:     minmay_the_grid_triangle_9x9_line_8_mashed
          [minmay_the_grid_triangle_9x9_thin_v,
          minmay_the_grid_triangle_9x9_swiss_cheese,
          minmay_the_grid_triangle_9x9_checkered,
          minmay_the_grid_triangle_9x9_minimal,
          minmay_the_grid_triangle_9x9_flanged_cone,
          minmay_the_grid_triangle_9x9_impossible_snake,
          minmay_the_grid_triangle_9x9_negative_grid,
          minmay_the_grid_triangle_9x9_prize_top_heavy], layout_cave_pools,
          gauntlet_entry_generic, grunt_ministairs_6,
          lemuel_mausoleum_altar_kikubaaqudgha
Temple:   regret_index_temple_waves

Skill      XL: |  1  2  3  4  5  6  7  8  9 10 11 |
---------------+----------------------------------+-----
Bows           | 5 6 7 8 10 12 13 | 13.9
Fighting       | 3 6 7 9 |  9.8
Invocations    | 5 8 |  8.4
Dodging        | |  2.0
Stealth        | |  1.0

Action                   |  1- 3 |  4- 6 |  7- 9 | 10-12 || total
-------------------------+-------+-------+-------+-------++-------
Melee: Short sword       |    95 |       |    30 |       ||   125
       Dagger            |       |   117 |   228 |    41 ||   386
       Falchion          |       |       |    20 |    16 ||    36
       War axe           |       |       |       |   145 ||   145
       Punch             |       |       |       |     5 ||     5
 Fire: Shortbow          |    17 |   109 |   294 |   706 ||  1126
Throw: Dart              |       |     4 |     4 |     2 ||    10
Invok: Heroism           |       |       |     4 |    27 ||    31
  Use: Scroll            |       |     3 |    12 |    13 ||    28
       Potion            |       |       |     3 |     3 ||     6
 Stab: Sleeping          |     1 |       |       |       ||     1
       Distracted        |       |       |       |     1 ||     1
  Eat: Chunk             |       |     6 |     8 |    13 ||    27
       Ration            |       |       |     2 |     5 ||     7
Armor: Leather armour    |    15 |     9 |       |       ||    24
       Ring mail         |       |    53 |   148 |   199 ||   400
Dodge: Dodged            |    68 |   110 |   230 |   328 ||   736
       Rpst.: Falchion   |       |       |     5 |     2 ||     7

Table legend:
 A = Non-vault XP
 B = Vault XP
 C = Vault XP percentage of total XP
 D = Non-vault monster count
 E = Vault monster count
 F = Vault count percentage of total count
                 A         B        C        D         E       F
            +---------+---------+-------+---------+---------+-------
      Total |   14497 |    2398 |  14.2 |     309 |      27 |   8.0
            +---------+---------+-------+---------+---------+-------
        D:1 |      56 |       6 |   9.7 |      28 |       4 |  12.5
        D:2 |     182 |      37 |  16.9 |      18 |       1 |   5.3
        D:3 |     241 |      49 |  16.9 |      30 |       7 |  18.9
        D:4 |     358 |       0 |   0.0 |      20 |       0 |   0.0
        D:5 |     819 |     299 |  26.7 |      28 |       2 |   6.7
        D:6 |     446 |     617 |  58.0 |      18 |       1 |   5.3
        D:7 |    1082 |     268 |  19.9 |      33 |       1 |   2.9
        D:8 |     888 |     702 |  44.2 |      23 |       4 |  14.8
        D:9 |    1187 |       0 |   0.0 |      20 |       0 |   0.0
       D:10 |    3823 |       0 |   0.0 |      37 |       0 |   0.0
       D:11 |    4882 |     420 |   7.9 |      52 |       7 |  11.9
       D:12 |     533 |       0 |   0.0 |       2 |       0 |   0.0
            +---------+---------+-------+---------+---------+-------
